 Dungeon Crawl Stone Soup version 0.30.0-16-gbe6223bb7e (webtiles) character file.

Game seed: 17110161642894244792

60 Fymir27 the Gusty (level 3, -1/28 HPs)
             Began as a Draconian Air Elementalist on May 20, 2023.
             Slain by Terence
             ... wielding a +0 mace
              (5 damage)
             ... on level 2 of the Dungeon.
             The game lasted 00:09:54 (1619 turns).

Fymir27 the Gusty (Draconian Air Elementalist)      Turns: 1619, Time: 00:09:55

Health: -1/28      AC:  7    Str:  8 (10) XL:     3   Next: 82%
Magic:  0/6        EV: 11    Int: 14 (17) God:
Gold:   166        SH:  2    Dex:  8 (11) Spells: 0/6 levels left

rFire   . . .        d - +0 whip
rCold   . . .        o - +0 buckler
rNeg    . . .        (body armour unavailable)
rPois   .            (helmet restricted)
rElec   .            p - +0 cloak
rCorr   .            f - +0 pair of gloves
SInv    .            (no boots)
Will    .....        (no amulet)
Stlth   ++           (no ring)
HPRegen 0.24/turn    (no ring)
MPRegen 0.10/turn

%: no passive effects
@: very slightly contaminated
A: AC +5, unfitting armour, cold-blooded
a: no special abilities


You were on level 2 of the Dungeon.
You visited 1 branch of the dungeon, and saw 3 of its levels.

You collected 166 gold pieces.

Inventory:

Hand Weapons
 d - a +0 whip (weapon)
Armour
 f - a +0 pair of gloves (worn)
 o - a +0 buckler (worn)
 p - a +0 cloak (worn)
Scrolls
 c - a scroll of enchant weapon {unknown}
 e - a scroll of amnesia {unknown}
 h - a scroll of blinking {unknown}
 i - a scroll of noise {unknown}
 j - 2 scrolls of identify {unknown}
 l - 2 scrolls of enchant armour {unknown}
 n - a scroll of teleportation {unknown}
Potions
 b - a potion of degeneration
 g - 2 potions of curing {unknown}
 k - a potion of heal wounds {unknown}
 m - 2 potions of flight {unknown}


   Skills:
 + Level 1.3 Fighting
 + Level 2.1 Dodging
 + Level 2.1 Stealth
 * Level 0.1 Shields
 + Level 2.2 Spellcasting
 + Level 1.6 Conjurations
 * Level 3.6 Air Magic


You couldn't memorise any spells.
You knew the following spells:

 Your Spells              Type           Power      Damage    Failure   Level
a - Shock                 Conj/Air       32%        1d5       13%         1
b - Static Discharge      Conj/Air       16%        2-3/arc   19%         2
c - Swiftness             Air            11%        N/A       26%         3

Your spell library contained the following spells:

 Spells                   Type           Power      Damage    Failure   Level
 Airstrike                Air            5%         2d(1-17)  63%         4


Dungeon Overview and Level Annotations

Branches:
Dungeon (3/15)

Altars:

Annotations:
D:2 Terence


Innate Abilities, Weirdness & Mutations

Your plain brown scales are hard. (AC +5)
You cannot fit into any form of body armour.
You are cold-blooded and may be slowed by cold attacks.


Message History

Aiming: Shock (safe; 10% risk of failure)
Press: ? - help, Shift-Dir - straight line That beam is likely to hit you.
Continue anyway?
You miscast Shock.
You are very lightly contaminated with residual magic.
Nothing appears to happen.
Terence hits you but does no damage.
Casting: Shock (safe; 10% risk of failure)
Confirm with . or Enter, or press ? or * to list all spells.
Aiming: Shock (safe; 10% risk of failure)
Press: ? - help, Shift-Dir - straight line That beam is likely to hit you.
Continue anyway?
You miscast Shock.
Nothing appears to happen.
Terence barely misses you.
Casting: Shock (safe; 10% risk of failure)
Confirm with . or Enter, or press ? or * to list all spells.
Aiming: Shock (safe; 10% risk of failure)
Press: ? - help, Shift-Dir - straight line That beam is likely to hit you.
Continue anyway? [Y]es or [N]o only, please.
That beam is likely to hit you.
Continue anyway?
The zap hits Terence but does no damage.
Terence is moderately wounded.
The zap misses Terence.
The zap misses you. Terence hits you with a +0 mace.
Casting: Shock (safe; 10% risk of failure)
Confirm with . or Enter, or press ? or * to list all spells.
Aiming: Shock (safe; 10% risk of failure)
Press: ? - help, Shift-Dir - straight line The zap hits Terence.
Terence is heavily wounded.
The zap hits Terence but does no damage.
Terence is heavily wounded.
Terence hits you with a +0 mace.
* * * LOW HITPOINT WARNING * * *
It was a potion of degeneration.
There was something very wrong with that liquid.
You feel weakened.
You feel dopey.
You feel clumsy. Terence closely misses you. Terence attacks as you move away!
Terence hits you with a +0 mace!
* * * LOW HITPOINT WARNING * * *
Terence attacks as you move away! Terence hits you with a +0 mace.
You die...

#.........# #.........#
#.........# #.........###
#...........#########
##########..(......#.........#
#.........<........#.........#
#..>......###.######.........#
#.........# #@# #.........#
#.........# #@# #..........
#.......).# #.# ##........#
#<........###.#######........(
#.........#...>..............#
###########.#.##.<.............#
#........##.#.##......#........#
#........##.....###.#######.##..
#........###.##.....#####...####


You could see Terence.

Vanquished Creatures
  2 adders (D:2)
  3 dart slugs
  6 endoplasms
  2 goblins (D:1)
  3 hobgoblins
  2 quokkas (D:1)
  8 ball pythons
  5 bats
  A frilled lizard (D:1)
  4 rats (D:1)
36 creatures vanquished.

Notes
Turn   | Place    | Note
-------+----------+-------------------------------------------
     0 | D:1      | Fymir27 the Draconian Air Elementalist began the quest for
                  | the Orb.
     0 | D:1      | Reached XP level 1. HP: 14/14 MP: 3/3
   260 | D:1      | Reached XP level 2. HP: 22/22 MP: 0/5
   321 | D:1      | Learned a level 2 spell: Static Discharge
   914 | D:1      | Reached skill level 1 in Fighting
   914 | D:1      | Reached XP level 3. HP: 26/28 MP: 2/6
  1082 | D:2      | Learned a level 3 spell: Swiftness
  1598 | D:3      | Noticed Terence
  1619 | D:2      | Slain by Terence

Illustrated notes

Levels and vault maps discovered:
D:1:      wander_arrival_fairy_ring, layout_rooms, serial_aquarium,
          aquarium_bridge_straight [aquarium_subvault_bridge,
          aquarium_subvault_wall, aquarium_subvault_bridge,
          aquarium_subvault_wall], aquarium_bridge_square
          [aquarium_subvault_bridge, aquarium_subvault_wall,
          aquarium_subvault_wall, aquarium_subvault_bridge], aquarium_window_1,
          aquarium_window_1, aquarium_window_corner, aquarium_view_2e,
          aquarium_view_2b, aquarium_pool_S, minmay_misc_feat_iff
D:2:      layout_rooms
D:3:      layout_loops_ring, tso_metal_star, uniq_terence

Skill      XL: |  1  2 |
---------------+-------+-----
Stealth        | 2 |  2.1
Dodging        | 2 |  2.1
Fighting       | 1 |  1.3
Shields        | |  0.1
Spellcasting   | |  2.2
Conjurations   | |  1.6
Air Magic      | |  3.6

Action                     || total
---------------------------++-------
  Melee: Unarmed           ||     3
         Whip              ||    25
         Tailslap          ||     4
   Cast: Shock             ||    70
    Use: Potion            ||     2
 Armour: Skin              ||    14
  Dodge: Dodged            ||    38
